 Dungeon Crawl Stone Soup version 0.29-a0-284-gf9362112df (webtiles) character file.

Game seed: 5924519302009232644

641 PaleWalker the Firebug (level 7, -1/65 HPs)
             Began as an Ogre Fire Elementalist on Mar 14, 2022.
             Slain by a black bear (6 damage)
             ... on level 4 of the Dungeon.
             The game lasted 00:11:22 (4664 turns).

PaleWalker the Firebug (Ogre Fire Elementalist)     Turns: 4664, Time: 00:11:23

Health: -1/65      AC:  3    Str: 15    XL:     7   Next: 51%
Magic:  5/13       EV:  9    Int: 16    God:
Gold:   158        SH:  0    Dex:  9    Spells: 8/14 levels left

rFire   . . .      SeeInvis .   n - +3 scythe (venom)
rCold   . . .      Faith    .   (shield currently unavailable)
rNeg    . . .      Spirit   .   a - +0 robe
rPois   .          Reflect  .   (helmet restricted)
rElec   .          Harm     .   (no cloak)
rCorr   .          Rampage  .   (gloves unavailable)
Will    .....                   (boots unavailable)
Stlth   +.........              (no amulet)
HPRegen 0.20/turn               (no ring)
MPRegen 0.13/turn               (no ring)

@: no status effects
A: large, unfitting armour, tough skin 1
a: no special abilities


You were on level 4 of the Dungeon.
You visited 1 branch of the dungeon, and saw 4 of its levels.

You collected 158 gold pieces.

Inventory:

Hand Weapons
 n - a +3 scythe of venom (weapon)
Armour
 a - a +0 robe (worn)
Scrolls
 d - a scroll of fear {unknown}
 g - a scroll of immolation {unknown}
 i - 3 scrolls of teleportation {unknown}
 m - a scroll of fog {unknown}
 o - a scroll of identify {unknown}
 r - a scroll of blinking {unknown}
 s - a scroll of holy word {unknown}
 t - a scroll of acquirement {unknown}
 u - a scroll of enchant weapon {unknown}
Potions
 b - a potion of magic
 c - a potion of resistance {unknown}
 e - a potion of might {unknown}
 f - a potion of lignification {unknown}
 h - 2 potions of heal wounds {unknown}
 j - a potion of curing {unknown}
 k - 2 potions of flight {unknown}
 l - a potion of invisibility {unknown}
 p - a potion of ambrosia {unknown}
 q - a potion of attraction {unknown}


   Skills:
 + Level 2.2 Fighting
 - Level 1.8 Dodging
 - Level 1.4 Stealth
 - Level 4.0 Spellcasting
 - Level 1.0 Conjurations
 + Level 3.0 Hexes
 - Level 6.1 Fire Magic


You had 8 spell levels left.
You knew the following spells:

 Your Spells              Type           Power      Damage    Failure   Level
a - Foxfire               Conj/Fire      56%        2x1d6     3%          1
b - Scorch                Fire           44%        2d7       1%          2
c - Inner Flame           Hex/Fire       17%        N/A       8%          3

Your spell library contained the following spells:

 Spells                   Type           Power      Damage    Failure   Level
 Magic Dart               Conj           24%        1d4       11%         1
 Conjure Flame            Conj/Fire      14%        6-21      12%         3
 Call Imp                 Summ           3%         N/A       26%         2
 Flame Wave               Conj/Fire      14%        2d6       36%         4
 Mephitic Cloud           Conj/Pois/Air  4%         N/A       41%         3


Dungeon Overview and Level Annotations

Branches:
Dungeon (4/15)
 Temple: D:4-7

Altars:
The Shining One


Innate Abilities, Weirdness & Mutations

You are too large for most types of armour.
You have tough skin. (AC +1)


Message History

You conjure some foxfire!
The black bear barely misses you. The black bear claws you.
The black bear claws you but does no damage.
You conjure some foxfire!
The foxfire hits the black bear.
The black bear is heavily wounded.
The black bear closely misses you. The black bear barely misses you.
The black bear claws you.
You conjure some foxfire!
The black bear bites you. The black bear closely misses you.
The black bear claws you.
Your foxfire dissipates!
The foxfire hits the black bear.
The black bear is severely wounded.
The foxfire hits the black bear.
The black bear is severely wounded.
You conjure some foxfire!
The black bear bites you. The black bear claws you.
The black bear barely misses you.
There is not enough space to conjure foxfire!
The foxfire hits the black bear.
The black bear is severely wounded.
The foxfire hits the black bear.
The black bear is almost dead.
The black bear bites you. The black bear claws you. x2
You conjure some foxfire!
The black bear goes berserk!
The foxfire hits the black bear.
The black bear is almost dead.
The foxfire hits the black bear.
The black bear is almost dead.
The black bear bites you. The black bear barely misses you.
The black bear claws you. The black bear bites you! The black bear claws you.
* * * LOW HITPOINT WARNING * * *
The black bear claws you.
* * * LOW HITPOINT WARNING * * *
You barely miss the black bear.
The black bear is almost dead.
The black bear bites you.
* * * LOW HITPOINT WARNING * * *
The black bear closely misses you. The black bear claws you.
* * * LOW HITPOINT WARNING * * *
The black bear bites you.
You die...

#.# #)# #.##
#..# ##.#
#)## ##.### #
##ยง.#### ..#
##@h..##.....
###.........
######...# ##


You could see a black bear (berserk).

Vanquished Creatures
  Grinder (D:3)
  Sigmund (D:3)
  A necrophage (D:3)
  A scorpion (D:4)
  An orc wizard (D:3)
  5 adders
  3 worms
  A dart slug (D:1)
  10 orcs
  3 ball pythons
  3 endoplasms
  5 giant cockroaches
  6 goblins
  5 hobgoblins
  2 jackals (D:4)
  7 kobolds
  A quokka (D:2)
  5 bats (D:1)
  4 frilled lizards
  5 rats
70 creatures vanquished.

Vanquished Creatures (others)
  321 foxfires
  4 toadstools (D:1)
325 creatures vanquished.

Grand Total: 395 creatures vanquished

Notes
Turn   | Place    | Note
-------+----------+-------------------------------------------
     0 | D:1      | PaleWalker the Ogre Fire Elementalist began the quest for
                  | the Orb.
     0 | D:1      | Reached XP level 1. HP: 16/16 MP: 3/3
    56 | D:1      | Reached skill level 1 in Conjurations
   358 | D:1      | Reached XP level 2. HP: 24/24 MP: 0/5
   427 | D:1      | Reached skill level 3 in Fire Magic
   885 | D:1      | You fall into a shaft and drop 1 floor!
   900 | D:2      | Reached XP level 3. HP: 31/31 MP: 0/7
  1336 | D:1      | Found a faded altar of an unknown god.
  2343 | D:2      | Reached XP level 4. HP: 31/39 MP: 5/9
  2494 | D:2      | Reached skill level 4 in Fire Magic
  2954 | D:2      | Learned a level 2 spell: Scorch
  3633 | D:3      | Reached XP level 5. HP: 43/45 MP: 2/10
  3756 | D:3      | Noticed Grinder
  3764 | D:3      | Killed Grinder
  3765 | D:3      | Reached skill level 5 in Fire Magic
  3765 | D:3      | Reached XP level 6. HP: 44/53 MP: 1/12
  3769 | D:3      | Learned a level 3 spell: Inner Flame
  4029 | D:3      | Noticed Sigmund
  4067 | D:3      | Killed Sigmund
  4068 | D:3      | Reached skill level 6 in Fire Magic
  4068 | D:3      | Reached XP level 7. HP: 54/59 MP: 7/13
  4129 | D:3      | Found a glowing golden altar of the Shining One.
  4455 | D:4      | Reached skill level 1 in Fighting
  4664 | D:4      | Slain by a black bear

Illustrated notes

Levels and vault maps discovered:
D:1:      ldierk_walled_garden_2, layout_basic,
          dreamdust_ecumenical_altar_sealed_demon
D:2:      minmay_angry_zag, layout_basic
D:3:      layout_loops_ring, nicolae_overflow_hidden_temple,
          wad_floor_pattern_2, uniq_sigmund, uniq_grinder
D:4:      black_bear_nest_1, layout_rooms, grunt_gozag_statues,
          nicolae_ru_sacrificial_ziggurat, mainiacjoe_overflow_catwalk,
          serial_shops, nicolae_shop_crystal, amethyst_killhole

Skill      XL: |  1  2  3  4  5  6  7 |
---------------+----------------------+-----
Conjurations   | 1 |  1.0
Fire Magic     | 3 4 5 6 |  6.1
Spellcasting   | 3 4 |  4.0
Hexes          | 2 3 |  3.0
Fighting       | 2 |  2.2
Dodging        | |  1.8
Stealth        | |  1.4

Action                   |  1- 3 |  4- 6 |  7- 9 || total
-------------------------+-------+-------+-------++-------
Melee: Scythe            |       |       |     9 ||     9
 Cast: Foxfire           |    99 |    78 |    39 ||   216
       Scorch            |       |     3 |       ||     3
 Stab: Sleeping          |       |       |     1 ||     1
Armor: Robe              |    13 |     2 |     8 ||    23
Dodge: Dodged            |    13 |     3 |    12 ||    28

Table legend: (Time is in decaauts)
 A = Elapsed time spent in this place.
 B = Non-inter-level travel time spent in this place.
 C = Inter-level travel time spent in this place.
 D = Time resting spent in this place.
 E = Time spent auto-exploring this place.
 F = Levels seen in this place.
 G = Mean time per level.
                   A        B        C        D        E       F      G
               +--------+--------+--------+--------+--------+-----+--------+
         Total |   4673 |   4611 |     62 |    198 |   3820 |   4 | 1168.2 |
       Dungeon |   4673 |   4611 |     62 |    198 |   3820 |   4 | 1168.2 |
               +--------+--------+--------+--------+--------+-----+--------+

Top non-repeatable levels by time:
     D:1: 1757 daAuts
     D:2: 1463 daAuts
     D:3: 1317 daAuts
     D:4: 135 daAuts
